 Dungeon Crawl Stone Soup version 0.22.1-1-ga44c0e56f4 (webtiles) character file.

56 Nebulos the Magician (level 3, -9/25 HPs)
             Began as a Demonspawn Wizard on Sept 20, 2018.
             Killed from afar by Sigmund (12 damage)
             ... with a wand of flame (23)
             ... on level 2 of the Dungeon.
             The game lasted 00:04:12 (1669 turns).

Nebulos the Magician (Demonspawn Wizard)            Turns: 1669, Time: 00:04:12

Health: -9/25      AC:  3    Str:  8    XL:     3   Next: 69%
Magic:  5/8        EV: 12    Int: 19    God:
Gold:   50         SH:  0    Dex: 11    Spells: 5/9 levels left

rFire    . . .     SeeInvis .   g - +0 short sword
rCold    . . .     Gourm    .   (no shield)
rNeg     . . .     Faith    .   a - +0 robe
rPois    .         Spirit   .   b - +0 hat
rElec    .         Reflect  .   n - +0 cloak
rCorr    .         Harm     .   (no gloves)
MR       .....                  (no boots)
Stlth    +.........             (no amulet)
HPRegen  0.08/turn              (no ring)
MPRegen  0.11/turn              (no ring)

@: confused, lethally poisoned (-9 -> -12), very slightly contaminated
A: horns 1
a: no special abilities


You were on level 2 of the Dungeon.
You were not hungry.

You visited 1 branch of the dungeon, and saw 2 of its levels.

You collected 50 gold pieces.

Inventory:

Hand Weapons
 g - a +0 short sword (weapon)
Armour
 a - a +0 robe (worn)
 b - a +0 hat (worn)
 n - a +0 cloak (worn)
Jewellery
 k - an uncursed ring of flight {unknown}
 q - an uncursed ring of protection from cold {unknown}
Scrolls
 f - a scroll of amnesia {unknown}
 i - 2 scrolls of teleportation {unknown}
 j - a scroll of magic mapping {unknown}
 l - 5 scrolls of identify {unknown}
 m - 3 scrolls of remove curse {unknown}
 p - a scroll of enchant weapon {unknown}
 r - a scroll of random uselessness {unknown}
Potions
 c - 2 potions of heal wounds {unknown}
 e - a potion of mutation {unknown}
 h - 2 potions of agility {unknown}
 o - a potion of brilliance {unknown}
 s - a potion of might {unknown}
Comestibles
 d - 2 rations


   Skills:
 + Level 0.6 Fighting
 + Level 0.6 Short Blades
 + Level 2.3 Dodging
 + Level 2.0 Stealth
 * Level 3.7 Spellcasting
 * Level 1.2 Conjurations
   Level 1.0 Summonings
   Level 0.8 Translocations


You had 5 spell levels left.
You knew the following spells:

 Your Spells              Type           Power        Failure   Level  Hunger
a - Magic Dart            Conj           #...         9%          1    None
b - Mephitic Cloud        Conj/Pois/Air  #.......     34%         3    ###....

Your spell library contained the following spells:

 Spells                   Type           Power        Failure   Level  Hunger
 Call Imp                 Summ           #.......     14%         2    ##.....
 Blink                    Tloc           N/A          16%         2    ##.....
 Slow                     Hex            #.......     22%         2    ##.....
 Conjure Flame            Conj/Fire      #.......     32%         3    ###....


Dungeon Overview and Level Annotations

Branches:
Dungeon (2/15)

Altars:

Annotations:
D:2 Sigmund


Innate Abilities, Weirdness & Mutations

You have a pair of small horns on your head.


Message History

You feel sick. x2
Sigmund gestures wildly while chanting.
Sigmund flickers and vanishes!
Deactivating autopickup; reactivate with Ctrl-A.
You feel sick.
There is a stone staircase leading up here.
You are confused.
You feel sick.
You hear a zap.
A puff of flame appears from out of thin air!
The puff of flame hits you!
You're too confused to move!
You feel sick.
You hear a zap.
A puff of flame appears from out of thin air!
The puff of flame hits you!
* * * LOW HITPOINT WARNING * * *
You hear a zap.
A puff of flame appears from out of thin air!
The puff of flame hits you!
You die...

#.##.....# #.##.# #.# ###
#.##.#.#.###.##.# #.# #.
#............##.# #.# #.
####.#.#.###.##.# #.# ######.
#.....# #.##.# #.# #......
###.#####.##.# #.# #.####.
####....<.....## #.# #.# #.
###..............######.###.####.
......#..###.<..@..........<#....
###.#(...# #####.######.#####.###
#.####.#######.## #.# #.# #.#
#.#...##.#.#####.# #.# ###.#
#.#.....###......### #.# ....#
#.#...##.#.........# #.# #####
#)##.####..........# #.# #
#รท...# #..........# #.# # ######
#..........###.#


There were no monsters in sight!

Vanquished Creatures
  2 adders (D:2)
  2 dart slugs
  A leopard gecko (D:1)
  2 ball pythons (D:1)
  6 bats
  A giant cockroach (D:1)
  A goblin (D:1)
  5 hobgoblins
  6 kobolds
  A frilled lizard (D:1)
  7 rats
34 creatures vanquished.

Notes
Turn   | Place    | Note
-------+----------+-------------------------------------------
     0 | D:1      | Nebulos the Demonspawn Wizard began the quest for the Orb.
     0 | D:1      | Reached XP level 1. HP: 13/13 MP: 4/4
   290 | D:1      | Gained mutation: You have a pair of small horns on your
                  | head. [demonic ancestry]
   290 | D:1      | Reached XP level 2. HP: 19/19 MP: 6/6
   943 | D:2      | Reached XP level 3. HP: 25/25 MP: 8/8
   949 | D:2      | Noticed Sigmund
  1033 | D:1      | Learned a level 3 spell: Mephitic Cloud
  1669 | D:2      | Killed from afar by Sigmund

Skill      XL: |  1  2  3 |
---------------+----------+-----
Dodging        | 2 |  2.3
Stealth        | 2 |  2.0
Fighting       | |  0.6
Short Blades   | |  0.6
Spellcasting   | |  3.7
Conjurations   | |  1.2
Summonings     | |  1.0
Translocations | |  0.8

Action                   || total
-------------------------++-------
Melee: Short sword       ||    89
       Unarmed           ||     1
       Headbutt          ||    10
 Cast: Magic Dart        ||    23
 Stab: Sleeping          ||     6
  Eat: Chunk             ||     2
Armor: Robe              ||    19
Dodge: Dodged            ||    79
